 Dungeon Crawl Stone Soup version 0.31-a0-675-g238779eb0a (webtiles) character file.

Game seed: 6152834892563976167

96 qw the Shooter (level 4, -2/28 HPs)
             Began as a Gargoyle Hunter on Sept 5, 2023.
             Was an Initiate of Okawaru.
             Slain by Grinder (4 damage)
             ... while paralysed by Grinder
             ... on level 3 of the Dungeon.
             The game lasted 00:00:37 (1521 turns).

qw the Shooter (Gargoyle Hunter)                    Turns: 1521, Time: 00:00:38

Health: -2/28      AC:  8    Str: 14    XL:     4   Next: 67%
Magic:  4/4        EV:  2    Int: 10    God:    Okawaru [......]
Gold:   96         SH:  0    Dex: 15    Spells: 3/3 levels left

rFire   . . .        Y - +0 shortbow
rCold   . . .        (shield currently unavailable)
rNeg    + . .        a - +0 ring mail
rPois   inf          (no helmet)
rElec   +            (no cloak)
rCorr   .            (no gloves)
SInv    .            (no boots)
Will    .....        (no amulet)
Stlth   +            (no ring)
HPRegen 0.24/turn    (no ring)
MPRegen 0.09/turn

%: no passive effects
@: paralysed
A: sickness immunity, AC +3, negative energy resistance 1, electricity
resistance, torment resistance 1, petrification resistance
a: Renounce Religion


You were on level 3 of the Dungeon.
You worshipped Okawaru.
Okawaru was noncommittal.
You visited 1 branch of the dungeon, and saw 3 of its levels.

You collected 96 gold pieces.


Innate Abilities, Weirdness & Mutations

You are immune to sickness and miasma.
Your stone body is resilient. (AC +3)
You are immune to poison.
You resist negative energy. (rN+)
You are resistant to electric shocks. (rElec)
You are resistant to unholy torment.
You are immune to petrification.


   Skills:
 - Level 3.3 Fighting
 + Level 5.2 Ranged Weapons
 - Level 1.0 Armour
 - Level 1.5 Dodging
 - Level 1.1 Stealth


You had 3 spell levels left.
You didn't know any spells.
Your spell library was empty.

Inventory:

Hand Weapons
 Y - a +0 shortbow (weapon)
Armour
 a - a +0 ring mail (worn)
 i - a +0 helmet
Jewellery
 c - a ring of fire
Scrolls
 b - a scroll of brand weapon {unknown}
Potions
 d - a potion of cancellation
 e - a potion of lignification {unknown}
 f - a potion of invisibility {unknown}
 g - a potion of enlightenment {unknown}
 h - a potion of heal wounds {unknown}

Dungeon Overview and Level Annotations

Branches:
Dungeon (3/15)

Altars:
Okawaru
Xom

Annotations:
D:3 1 runed translucent door, Grinder


Message History

You shoot an arrow. The arrow hits Grinder.
Grinder is lightly wounded.
Grinder hits you.
You shoot an arrow. The arrow barely misses Grinder.
Grinder hits you but does no damage.
You shoot an arrow.
The arrow hits Grinder but does no damage.
Grinder is lightly wounded.
Grinder gestures at you. Pain shoots through your body!
You shoot an arrow.
The arrow hits Grinder but does no damage.
Grinder is lightly wounded.
Grinder says, "Just stop there for a second..."
Grinder hits you.
You writhe in agony.
You shoot an arrow. The arrow hits Grinder.
Grinder is moderately wounded.
Grinder hits you.
You shoot an arrow. The arrow hits Grinder!
Grinder is heavily wounded.
Grinder hits you but does no damage. Grinder barely misses you.
You shoot an arrow.
The arrow hits Grinder but does no damage.
Grinder is heavily wounded.
Grinder hits you.
You writhe in agony.
You shoot an arrow. The arrow hits Grinder.
Grinder is severely wounded.
Grinder hits you.
You writhe in agony.
You shoot an arrow.
The arrow hits Grinder but does no damage.
Grinder is severely wounded.
Grinder closely misses you.
You shoot an arrow.
The arrow hits Grinder but does no damage.
Grinder is severely wounded.
Grinder gestures at you.
You suddenly lose the ability to move!
Grinder hits you.
You die...
Grinder says, "Now the real fun starts!"

...>.......##
#####.#.##..##
...#.##...##
########....#
#....# 7....7
77P..7 77.77


77@7 7577 7. .7 #+ .. #. #) You could see Grinder.

Vanquished Creatures
  Terence (D:2)
  3 adders
  A worm (D:2)
  2 dart slugs
  An orc (D:3)
  3 ball pythons
  3 endoplasms
  2 goblins (D:2)
  2 hobgoblins
  2 jackals (D:1)
  3 kobolds
  3 quokkas (D:2)
  4 bats
  6 frilled lizards
  2 rats
38 creatures vanquished.

Notes
Turn   | Place    | Note
-------+----------+-------------------------------------------
     0 | D:1      | qw the Gargoyle Hunter began the quest for the Orb.
     0 | D:1      | Reached XP level 1. HP: 12/12 MP: 1/1
     0 | D:1      | 0 ||| qw: Version: 0.3-a-75-g829b12e
     0 | D:1      | 0 ||| qw: Game counter: 83
     0 | D:1      | 0 ||| qw: Melee chars always use a shield: true
     0 | D:1      | 0 ||| qw: God list: Okawaru
     0 | D:1      | 0 ||| qw: Allow faded altars: false
     0 | D:1      | 0 ||| qw: Do Orc after clearing Dungeon:15 true
     0 | D:1      | 0 ||| qw: Do second Lair branch before Depths: true
     0 | D:1      | 0 ||| qw: Lair rune preference: random
     0 | D:1      | 0 ||| qw: Goals: Normal
     0 | D:1      | 0 ||| PLANNING D:1-11
   264 | D:1      | Reached XP level 2. HP: 17/17 MP: 2/2
   436 | D:1      | 436 ||| READING scroll labelled EKYXIS QAOGITT.
   537 | D:1      | 537 ||| READING scroll labelled LEESOFEUG.
   538 | D:1      | 538 ||| DRINKING 2 lumpy golden potions.
   539 | D:1      | 539 ||| DRINKING 2 bubbling puce potions.
   540 | D:1      | 540 ||| DROPPING scroll of butterflies.
   541 | D:1      | 541 ||| DROPPING potion of brilliance.
   559 | D:2      | Reached XP level 3. HP: 20/21 MP: 3/3
   575 | D:2      | Reached skill level 5 in Ranged Weapons
   803 | D:2      | Noticed Terence
   813 | D:2      | HP: 1/22 [Terence/+3 heavy flail (8)]
   816 | D:2      | Killed Terence
   817 | D:2      | Reached skill level 3 in Fighting
   817 | D:2      | Reached XP level 4. HP: 1/28 MP: 4/4
  1276 | D:2      | Found a shimmering altar of Xom.
  1284 | D:2      | 1284 ||| UPGRADING to +0 ring mail.
  1294 | D:2      | 1294 ||| DROPPING +0 leather armour.
  1295 | D:2      | 1295 ||| READING 2 scrolls labelled AGELOY CI EPEWK.
  1296 | D:2      | 1296 ||| READING scroll labelled KUCEMUMN APNIMM.
  1297 | D:2      | 1297 ||| DRINKING 2 metallic black potions.
  1302 | D:2      | 1302 ||| DROPPING scroll of blinking.
  1303 | D:2      | 1303 ||| DROPPING potion of ambrosia.
  1373 | D:3      | Identified the +1 robe of Sif Muna's Wrath {+Inv}
  1408 | D:3      | Found an iron altar of Okawaru.
  1409 | D:3      | 1409 ||| PLANNING OKAWARU WORSHIP
  1409 | D:3      | 1409 ||| DROPPING +1 robe of Sif Muna's Wrath {+Inv}.
  1417 | D:3      | Reached skill level 1 in Armour
  1427 | D:3      | Became a worshipper of Warmaster Okawaru
  1428 | D:3      | 1428 ||| PLANNING D:1-11
  1508 | D:3      | Found a runed translucent door.
  1508 | D:3      | Noticed Grinder
  1517 | D:3      | HP: 7/28 [Grinder (2)]
  1518 | D:3      | HP: 3/28 [Grinder (4)]
  1518 | D:3      | HP: 1/28 [Grinder (2)]
  1520 | D:3      | Paralysed by Grinder for 5 turns
  1521 | D:3      | Slain by Grinder

Levels and vault maps discovered:
D:1:      dpeg_arrival_long_road, layout_rooms, minmay_misc_feat_pillars,
          nrook_mini_vaults, grunt_decor_mini_mirrors
D:2:      layout_basic, basic_altar, uniq_terence
D:3:      layout_basic, mainiacjoe_overflow_catwalk,
          shapermc_ecumenical_altar_acropolis, nrook_campfire, minivault_11,
          uniq_crazy_yiuf_cottage, uniq_grinder

Skill      XL: |  1  2  3  4 |
---------------+-------------+-----
Ranged Weapons | 5 |  5.2
Fighting       | 3 |  3.3
Armour         | 1 |  1.0
Dodging        | |  1.5
Stealth        | |  1.1

Action                     |  1- 3 |  4- 6 || total
---------------------------+-------+-------++-------
   Fire: Shortbow          |    93 |    48 ||   141
    Use: Scroll            |     2 |     2 ||     4
         Potion            |     2 |     1 ||     3
 Armour: Leather armour    |    24 |     6 ||    30
         Ring mail         |       |    10 ||    10
  Dodge: Dodged            |    28 |     7 ||    35

Table legend:
 A = Non-vault XP
 B = Vault XP
 C = Vault XP percentage of total XP
 D = Non-vault monster count
 E = Vault monster count
 F = Vault count percentage of total count
                 A         B        C        D         E       F
            +---------+---------+-------+---------+---------+-------
      Total |     100 |      38 |  27.5 |      37 |       1 |   2.6
            +---------+---------+-------+---------+---------+-------
        D:1 |      18 |       0 |   0.0 |      10 |       0 |   0.0
        D:2 |      60 |      38 |  38.8 |      21 |       1 |   4.5
        D:3 |      22 |       0 |   0.0 |       6 |       0 |   0.0
            +---------+---------+-------+---------+---------+-------
